[Event "45th FIDE Womens Olympiad 2024"]
[Site "Budapest"]
[Date "2024.09.11"]
[Round "1.93"]
[White "Brunello, Marina"]
[Black "Strade, Arita"]
[Result "1-0"]
[ECO "C45"]
[WhiteElo "2348"]
[BlackElo "1946"]
[Annotator "ChessBase"]
[PlyCount "115"]
[EventDate "2024.09.05"]
[EventType "team-tourn"]
[EventCountry "HUN"]
[SourceTitle "playchess.com"]
[Source "ChessBase"]
[SourceQuality "1"]
[WhiteTeam "Italy"]
[BlackTeam "Guernsey"]
[WhiteTeamCountry "ITA"]
[BlackTeamCountry "GCI"]
[TimeControl "40/5400+30:1800+30"]

1. e4 d6 2. d4 e5 3. Nf3 exd4 4. Nxd4 Nf6 5. Nc3 Be7 6. Bd3 O-O 7. h3 Nc6 8. Nxc6 bxc6 9. O-O Nd7 10. Be3 Bf6 11. f4 Rb8 12. Rb1 c5 13. Qf3 Nb6 14. e5 Bb7 15. Qg4 Bc8 16. Qe2 c4 17. Be4 dxe5 18. fxe5 Bxe5 19. Bxh7+ Kxh7 20. Qh5+ Kg8 21. Qxe5 Qd6 22. Qxd6 cxd6 23. Bf4 Rb7 24. Bxd6 Rd8 25. Rbd1 Be6 26. Ba3 Rxd1 27. Rxd1 Bf5 28. Rd2 Nd7 29. Nd5 Kh7 30. Ne3 Be6 31. Rd4 Nb6 32. b3 cxb3 33. axb3 Kg6 34. Kf2 Nd7 35. Ra4 Ne5 36. Ra6 Rc7 37. Ra5 Nd7 38. Bb2 Nb6 39. Be5 Rd7 40. Bb8 Nc8 41. Ra6 Kh7 42. Ke2 Rb7 43. Be5 Rd7 44. Rc6 Rb7 45. Bd4 Bd7 46. Rc5 Rb4 47. Kd3 Rb7 48. Ra5 Be6 49. Bc5 Rd7+ 50. Ke4 f6 51. c4 Bf7 52. Nd5 Bg6+ 53. Kd4 Nb6 54. Bxb6 axb6 55. Ra6 b5 56. c5 Bf7 57. Rd6 Ra7 58. c6 1-0

[Event "45th FIDE Womens Olympiad 2024"]
[Site "Budapest"]
[Date "2024.09.11"]
[Round "1.94"]
[White "Nevska, Gerda"]
[Black "Zimina, Olga"]
[Result "0-1"]
[ECO "C34"]
[WhiteElo "1892"]
[BlackElo "2302"]
[Annotator "ChessBase"]
[PlyCount "56"]
[EventDate "2024.09.05"]
[EventType "team-tourn"]
[EventCountry "HUN"]
[SourceTitle "playchess.com"]
[Source "ChessBase"]
[SourceQuality "1"]
[WhiteTeam "Guernsey"]
[BlackTeam "Italy"]
[WhiteTeamCountry "GCI"]
[BlackTeamCountry "ITA"]
[TimeControl "40/5400+30:1800+30"]

1. e4 e5 2. f4 exf4 3. Nf3 Ne7 4. d4 d5 5. Bd3 dxe4 6. Bxe4 Nd5 7. Bxd5 Qxd5 8. Bxf4 Qe4+ 9. Qe2 Qxe2+ 10. Kxe2 Na6 11. Nbd2 Bf5 12. c4 f6 13. a3 O-O-O 14. h4 Be7 15. Rhe1 Rhe8 16. Kf2 h6 17. b4 g5 18. hxg5 hxg5 19. Be3 c6 20. d5 c5 21. b5 Nb8 22. a4 Nd7 23. Nf1 Bd6 24. Ng3 Bd3 25. Nd2 Ne5 26. Ra3 Bc2 27. Nge4 Ng4+ 28. Kf3 Nh2+ 0-1

[Event "45th FIDE Womens Olympiad 2024"]
[Site "Budapest"]
[Date "2024.09.11"]
[Round "1.95"]
[White "Gueci, Tea"]
[Black "Denning, Julie L"]
[Result "1-0"]
[ECO "C42"]
[WhiteElo "2199"]
[BlackElo "1741"]
[Annotator "ChessBase"]
[PlyCount "71"]
[EventDate "2024.09.05"]
[EventType "team-tourn"]
[EventCountry "HUN"]
[SourceTitle "playchess.com"]
[Source "ChessBase"]
[SourceQuality "1"]
[WhiteTeam "Italy"]
[BlackTeam "Guernsey"]
[WhiteTeamCountry "ITA"]
[BlackTeamCountry "GCI"]
[TimeControl "40/5400+30:1800+30"]

1. e4 e5 2. Nf3 Nf6 3. Nxe5 d6 4. Nf3 Nxe4 5. Nc3 Nxc3 6. dxc3 Bg4 7. h3 Bh5 8. Qd5 Bxf3 9. Qxf3 Nc6 10. Bb5 Qd7 11. O-O Be7 12. Re1 O-O 13. Bf4 a6 14. Bd3 Rae8 15. Be4 Bf6 16. Rad1 Be5 17. Bg5 f5 18. Bd5+ Kh8 19. Bf4 Bxf4 20. Qxf4 Rxe1+ 21. Rxe1 Nb8 22. Qe3 f4 23. Qe7 Qxe7 24. Rxe7 c6 25. Be6 b5 26. Kf1 h6 27. h4 Kh7 28. h5 Rf6 29. Re8 Rxe6 30. Rxe6 d5 31. Re7 c5 32. Rc7 c4 33. Ke2 a5 34. Rb7 Nc6 35. Rxb5 d4 36. Rc5 1-0

[Event "45th FIDE Womens Olympiad 2024"]
[Site "Budapest"]
[Date "2024.09.11"]
[Round "1.97"]
[White "Kaslan, Catherine"]
[Black "Klinova, Masha"]
[Result "1/2-1/2"]
[ECO "B07"]
[WhiteElo "1902"]
[BlackElo "2227"]
[Annotator "ChessBase"]
[PlyCount "91"]
[EventDate "2024.09.05"]
[EventType "team-tourn"]
[EventCountry "HUN"]
[SourceTitle "playchess.com"]
[Source "ChessBase"]
[SourceQuality "1"]
[WhiteTeam "Suriname"]
[BlackTeam "Israel"]
[WhiteTeamCountry "SUR"]
[BlackTeamCountry "ISR"]
[TimeControl "40/5400+30:1800+30"]

1. e4 d6 2. d4 Nf6 3. Nc3 g6 4. Be3 c6 5. Qd2 Nbd7 6. O-O-O Bg7 7. f3 e5 8. g4 Qe7 9. h4 h5 10. dxe5 dxe5 11. g5 Nh7 12. Bh3 O-O 13. Bxd7 Rd8 14. Qf2 Rxd7 15. Rxd7 Bxd7 16. Bxa7 b5 17. Bc5 Qe8 18. Nge2 Nf8 19. a3 Ne6 20. Rd1 Nxc5 21. Qxc5 Bf8 22. Qb6 Qc8 23. f4 exf4 24. Nxf4 Bg4 25. Rd3 Rb8 26. Qe3 b4 27. axb4 Rxb4 28. e5 Bf5 29. Rd1 Qb8 30. b3 Bg7 31. Re1 Rb7 32. Qc5 Qe8 33. Ne4 Bxe4 34. Rxe4 Rb5 35. Qe3 Rxe5 36. Rxe5 Qxe5 37. Qxe5 Bxe5 38. Ng2 f6 39. gxf6 Kf7 40. Kd2 Kxf6 41. Ke3 g5 42. Kf3 gxh4 43. Nxh4 Kg5 44. Ng2 Bc3 45. Ne3 h4 46. Ke4 1/2-1/2

[Event "45th FIDE Womens Olympiad 2024"]
[Site "Budapest"]
[Date "2024.09.11"]
[Round "1.98"]
[White "Orian, Noga"]
[Black "Kaslan, Victoria"]
[Result "1-0"]
[ECO "E48"]
[WhiteElo "2187"]
[BlackElo "1726"]
[Annotator "ChessBase"]
[PlyCount "75"]
[EventDate "2024.09.05"]
[EventType "team-tourn"]
[EventCountry "HUN"]
[SourceTitle "playchess.com"]
[Source "ChessBase"]
[SourceQuality "1"]
[WhiteTeam "Israel"]
[BlackTeam "Suriname"]
[WhiteTeamCountry "ISR"]
[BlackTeamCountry "SUR"]
[TimeControl "40/5400+30:1800+30"]

1. d4 Nf6 2. c4 e6 3. Nc3 Bb4 4. e3 d5 5. cxd5 exd5 6. Bd3 O-O 7. a3 Be7 8. Nge2 b6 9. O-O Bb7 10. b4 Nbd7 11. Rb1 a5 12. b5 Re8 13. Qc2 Ne4 14. Bb2 Bd6 15. Nf4 Nxc3 16. Qxc3 Nf6 17. Rbe1 Qd7 18. f3 c6 19. bxc6 Bxc6 20. Kh1 Bb5 21. Qb3 Ba4 22. Qa2 Bxf4 23. exf4 Rxe1 24. Rxe1 Qd6 25. Re5 Bc6 26. Qb1 g6 27. Qc1 Nd7 28. Re2 Ba4 29. f5 Kg7 30. Qg5 Qf6 31. Qf4 g5 32. Qe3 Rc8 33. f4 h6 34. Qg3 Kh7 35. Qf3 Qc6 36. h3 Bb3 37. fxg5 Rg8 38. f6+ 1-0

[Event "45th FIDE Womens Olympiad 2024"]
[Site "Budapest"]
[Date "2024.09.11"]
[Round "1.99"]
[White "Kaslan, Alexandra"]
[Black "Levitan, Ronit"]
[Result "0-1"]
[ECO "D37"]
[WhiteElo "1675"]
[BlackElo "2137"]
[Annotator "ChessBase"]
[PlyCount "104"]
[EventDate "2024.09.05"]
[EventType "team-tourn"]
[EventCountry "HUN"]
[SourceTitle "playchess.com"]
[Source "ChessBase"]
[SourceQuality "1"]
[WhiteTeam "Suriname"]
[BlackTeam "Israel"]
[WhiteTeamCountry "SUR"]
[BlackTeamCountry "ISR"]
[TimeControl "40/5400+30:1800+30"]

1. d4 Nf6 2. c4 e6 3. Nc3 d5 4. e3 Be7 5. Nf3 O-O 6. cxd5 exd5 7. Bd3 b6 8. O-O Nbd7 9. a3 Bb7 10. b4 Ne4 11. Bb2 a6 12. Qc2 f5 13. Ne2 Bd6 14. Rac1 Rc8 15. Nf4 Qe7 16. Qb3 Ndf6 17. Ne5 g5 18. Bxe4 fxe4 19. Ne2 Nd7 20. Nxd7 Qxd7 21. Ng3 Qe6 22. Qd1 Rf6 23. Qh5 h6 24. h3 Rcf8 25. Qg4 Qf7 26. Qh5 Rxf2 27. Qxf7+ R2xf7 28. Rxf7 Rxf7 29. Ne2 Bc8 30. Nc3 Be6 31. Re1 Kg7 32. Nxe4 dxe4 33. d5+ Kg6 34. dxe6 Re7 35. g4 Rxe6 36. Rd1 h5 37. Rd5 hxg4 38. hxg4 Re7 39. Bd4 Rh7 40. Kf1 Rh1+ 41. Ke2 Rh2+ 42. Kd1 Rg2 43. Bxb6 Rxg4 44. Bc5 Rg1+ 45. Ke2 Bxc5 46. Rxc5 Rg2+ 47. Kf1 Ra2 48. Rc6+ Kf5 49. Rxa6 Kg4 50. Rc6 Kf3 51. Kg1 g4 52. Rxc7 Ra1+ 0-1

[Event "45th FIDE Womens Olympiad 2024"]
[Site "Budapest"]
[Date "2024.09.11"]
[Round "1.100"]
[White "Kochavi, Dana"]
[Black "Wu, Elise"]
[Result "1-0"]
[ECO "C90"]
[WhiteElo "2009"]
[BlackElo "1595"]
[Annotator "NA"]
[PlyCount "69"]
[EventDate "2024.09.05"]
[EventType "team-tourn"]
[EventCountry "HUN"]
[SourceTitle "playchess.com"]
[Source "ChessBase"]
[SourceQuality "1"]
[WhiteTeam "Israel"]
[BlackTeam "Suriname"]
[WhiteTeamCountry "ISR"]
[BlackTeamCountry "SUR"]
[TimeControl "40/5400+30:1800+30"]

1. e4 e5 2. Nf3 Nc6 3. Bb5 a6 4. Ba4 b5 5. Bb3 Nf6 6. O-O d6 7. Re1 Be7 8. a4 b4 9. a5 O-O 10. c3 Re8 11. Ng5 Rf8 12. d4 bxc3 13. bxc3 exd4 14. cxd4 Rb8 15. Nc3 h6 16. Nf3 Bg4 17. Be3 Qc8 18. Bc4 Re8 19. Qe2 Nb4 20. h3 Bxf3 21. Qxf3 Nc2 22. e5 Nxe1 23. Rxe1 d5 24. exf6 dxc4 25. fxe7 Rxe7 26. Nd5 Re8 27. Rc1 Rb5 28. Rxc4 Rxa5 29. Rxc7 Qe6 30. Rc5 Ra1+ 31. Kh2 Rb8 32. Rc6 Qd7 33. Nf6+ gxf6 34. Qg3+ Kh7 35. Rxf6 1-0

[Event "45th FIDE Womens Olympiad 2024"]
[Site "Budapest"]
[Date "2024.09.11"]
[Round "1.101"]
[White "Francisco Guecamburu, Candela Be"]
[Black "Laamim, Roaa"]
[Result "1-0"]
[ECO "C62"]
[WhiteElo "2294"]
[BlackElo "1879"]
[Annotator "NA"]
[PlyCount "45"]
[EventDate "2024.09.05"]
[EventType "team-tourn"]
[EventCountry "HUN"]
[SourceTitle "playchess.com"]
[Source "ChessBase"]
[SourceQuality "1"]
[WhiteTeam "Argentina"]
[BlackTeam "Morocco"]
[WhiteTeamCountry "ARG"]
[BlackTeamCountry "MAR"]
[TimeControl "40/5400+30:1800+30"]

1. e4 e5 2. Nf3 Nc6 3. Nc3 Nf6 4. Bb5 d6 5. d4 exd4 6. Nxd4 Bd7 7. Bxc6 bxc6 8. Qf3 c5 9. Nf5 g6 10. Bg5 Bxf5 11. Bxf6 Qxf6 12. exf5 Rc8 13. Qc6+ Kd8 14. O-O Qxf5 15. Rad1 Bg7 16. Ne4 Qd7 17. Qb7 Ke7 18. Rfe1 Be5 19. f4 Bd4+ 20. Rxd4 cxd4 21. Nc5+ Qe6 22. Nxe6 fxe6 23. Qd5 1-0

[Event "45th FIDE Womens Olympiad 2024"]
[Site "Budapest"]
[Date "2024.09.11"]
[Round "1.102"]
[White "Chemaou lilya"]
[Black "Borda Rodas, Anapaola S."]
[Result "0-1"]
[ECO "C28"]
[WhiteElo "1565"]
[BlackElo "2216"]
[Annotator "NA RC"]
[PlyCount "42"]
[EventDate "2024.09.05"]
[EventType "team-tourn"]
[EventCountry "HUN"]
[SourceTitle "playchess.com"]
[Source "ChessBase"]
[SourceQuality "1"]
[WhiteTeam "Morocco"]
[BlackTeam "Argentina"]
[WhiteTeamCountry "MAR"]
[BlackTeamCountry "ARG"]
[TimeControl "40/5400+30:1800+30"]

1. e4 e5 2. Nc3 Nc6 3. Bc4 Nf6 4. d3 Na5 5. Bb3 Nxb3 6. axb3 d5 7. Bg5 d4 8. Nd5 Be6 9. Qf3 Bxd5 10. Bxf6 Qxf6 11. exd5 Bb4+ 12. Ke2 Qd6 13. Qg3 O-O 14. h4 Qxd5 15. Qf3 e4 16. dxe4 Rfe8 17. Kd1 Rxe4 18. Ne2 Rae8 19. Rxa7 d3 20. cxd3 Qxb3+ 21. Kc1 Rxe2 0-1

[Event "45th FIDE Womens Olympiad 2024"]
[Site "Budapest"]
[Date "2024.09.11"]
[Round "1.103"]
[White "Amura, Claudia"]
[Black "El Harrak, Maryam"]
[Result "1-0"]
[ECO "D90"]
[WhiteElo "2191"]
[BlackElo "1639"]
[Annotator "NA RC"]
[PlyCount "65"]
[EventDate "2024.09.05"]
[EventType "team-tourn"]
[EventCountry "HUN"]
[SourceTitle "playchess.com"]
[Source "ChessBase"]
[SourceQuality "1"]
[WhiteTeam "Argentina"]
[BlackTeam "Morocco"]
[WhiteTeamCountry "ARG"]
[BlackTeamCountry "MAR"]
[TimeControl "40/5400+30:1800+30"]

1. d4 Nf6 2. c4 d5 3. cxd5 Nxd5 4. Nf3 g6 5. e4 Nf6 6. Nc3 Bg7 7. h3 O-O 8. Bc4 b6 9. Qe2 Bb7 10. O-O a5 11. Rd1 c6 12. a4 e6 13. Bg5 Qc7 14. Rac1 Nbd7 15. e5 Nd5 16. Nxd5 exd5 17. Bxd5 Rfe8 18. Qc4 Kh8 19. Bxf7 Rec8 20. Be6 Ba6 21. Qc2 Bb7 22. h4 Re8 23. Bd5 Rac8 24. h5 Qb8 25. Bf7 Rf8 26. hxg6 c5 27. Qf5 Bxf3 28. gxf3 Qb7 29. Qh3 h6 30. Bxh6 Rxf7 31. Bxg7+ Kxg7 32. Qh7+ Kf8 33. Qxf7# 1-0

[Event "45th FIDE Womens Olympiad 2024"]
[Site "Budapest"]
[Date "2024.09.11"]
[Round "1.105"]
[White "Chen, Chi"]
[Black "Ouellet, Maili-Jade"]
[Result "0-1"]
[ECO "D24"]
[WhiteElo "1746"]
[BlackElo "2318"]
[Annotator "ChessBase"]
[PlyCount "54"]
[EventDate "2024.09.05"]
[EventType "team-tourn"]
[EventCountry "HUN"]
[SourceTitle "playchess.com"]
[Source "ChessBase"]
[SourceQuality "1"]
[WhiteTeam "Chinese Taipei"]
[BlackTeam "Canada"]
[WhiteTeamCountry "TPE"]
[BlackTeamCountry "CAN"]
[TimeControl "40/5400+30:1800+30"]

1. d4 d5 2. Nf3 Nf6 3. c4 e6 4. Nc3 dxc4 5. Bg5 a6 6. a4 Nc6 7. e3 Na5 8. Ne5 Bb4 9. Bxc4 Nxc4 10. Nxc4 Qd5 11. Bxf6 Bxc3+ 12. bxc3 gxf6 13. Qe2 Qxg2 14. Kd2 Bd7 15. Rhg1 Qh3 16. Rg3 Qh4 17. Rg4 Qh6 18. Na5 b6 19. Qf3 Ke7 20. Nb3 f5 21. Rg3 Qh4 22. Kd3 Rad8 23. Nd2 h5 24. e4 Bc6 25. Rh3 fxe4+ 26. Nxe4 Bxe4+ 27. Qxe4 Qxh3+ 0-1

[Event "45th FIDE Womens Olympiad 2024"]
[Site "Budapest"]
[Date "2024.09.11"]
[Round "1.106"]
[White "Li, Yunshan"]
[Black "Shih, Ching-An"]
[Result "1-0"]
[ECO "E11"]
[WhiteElo "2268"]
[BlackElo "1734"]
[Annotator "ChessBase"]
[PlyCount "118"]
[EventDate "2024.09.05"]
[EventType "team-tourn"]
[EventCountry "HUN"]
[SourceTitle "playchess.com"]
[Source "ChessBase"]
[SourceQuality "1"]
[WhiteTeam "Canada"]
[BlackTeam "Chinese Taipei"]
[WhiteTeamCountry "CAN"]
[BlackTeamCountry "TPE"]
[TimeControl "40/5400+30:1800+30"]

1. d4 Nf6 2. c4 e6 3. g3 d5 4. Bg2 Bb4+ 5. Bd2 Bxd2+ 6. Nxd2 O-O 7. Ngf3 Nbd7 8. O-O Re8 9. Qc2 c6 10. e4 dxe4 11. Nxe4 Nxe4 12. Qxe4 c5 13. Rfd1 Qe7 14. Rac1 cxd4 15. Nxd4 Nf6 16. Qe2 e5 17. Re1 Bg4 18. Qc2 Qd7 19. Nb5 a6 20. Nc3 Rad8 21. Qb3 Rb8 22. c5 h6 23. Nd5 Nxd5 24. Qxd5 Qb5 25. b3 Qa5 26. c6 Qxd5 27. Bxd5 bxc6 28. Rxc6 Rbd8 29. Bc4 Bf3 30. Rxa6 Rd2 31. Ra7 Rf8 32. a4 e4 33. Re7 g5 34. a5 Rfd8 35. Rxf7 Kh8 36. a6 Rd1 37. Rf1 Rxf1+ 38. Bxf1 Kg8 39. Rc7 g4 40. Rc1 e3 41. fxe3 Rd2 42. b4 Rb2 43. b5 Kf8 44. b6 Rxb6 45. a7 Ke7 46. Rc8 Rb3 47. a8=Q Bxa8 48. Rxa8 Rxe3 49. Ra6 h5 50. Rh6 Re5 51. Bd3 Kf7 52. Bg6+ Kg7 53. Rxh5 Re1+ 54. Kf2 Ra1 55. Bf5 Ra2+ 56. Ke3 Ra3+ 57. Kf4 Ra4+ 58. Kg5 Ra5 59. Kxg4 Ra4+ 1-0

[Event "45th FIDE Womens Olympiad 2024"]
[Site "Budapest"]
[Date "2024.09.11"]
[Round "1.107"]
[White "Chen, I-Chen"]
[Black "Pham, Bich Ngoc"]
[Result "0-1"]
[ECO "B42"]
[WhiteElo "1771"]
[BlackElo "2199"]
[Annotator "ChessBase"]
[PlyCount "88"]
[EventDate "2024.09.05"]
[EventType "team-tourn"]
[EventCountry "HUN"]
[SourceTitle "playchess.com"]
[Source "ChessBase"]
[SourceQuality "1"]
[WhiteTeam "Chinese Taipei"]
[BlackTeam "Canada"]
[WhiteTeamCountry "TPE"]
[BlackTeamCountry "CAN"]
[TimeControl "40/5400+30:1800+30"]

1. e4 c5 2. Nf3 e6 3. d4 cxd4 4. Nxd4 a6 5. Bd3 Bc5 6. Nb3 Ba7 7. O-O Ne7 8. Nc3 Nbc6 9. Qe1 O-O 10. Be3 b5 11. Bxa7 Rxa7 12. e5 b4 13. Na4 d6 14. Qe4 g6 15. exd6 Qxd6 16. Rad1 Qe5 17. Rfe1 Qxe4 18. Bxe4 e5 19. Rd6 Rc7 20. Nac5 a5 21. f3 Kg7 22. Bd3 Nf5 23. Rd5 h5 24. Ba6 Nfe7 25. Rd6 a4 26. Nd2 Nf5 27. Rd5 Nce7 28. Rdxe5 Bxa6 29. Nxa6 Rxc2 30. Nf1 Rxb2 31. Rxe7 Nxe7 32. Rxe7 Rc8 33. Re4 Rc1 34. Rxb4 Rxa2 35. Re4 Raa1 36. Kf2 Rxf1+ 37. Kg3 Rfe1 38. Rc4 Re2 39. Nb4 Rg1 40. Nd3 Rgxg2+ 41. Kf4 Rxh2 42. Rb4 Rh4+ 43. Kg3 Rxb4 44. Nxb4 a3 0-1

[Event "45th FIDE Womens Olympiad 2024"]
[Site "Budapest"]
[Date "2024.09.11"]
[Round "1.108"]
[White "Demchenko, Svitlana"]
[Black "Tsai, Sophie Yi-Hsuan"]
[Result "1-0"]
[ECO "B22"]
[WhiteElo "2167"]
[BlackElo "1668"]
[Annotator "ChessBase"]
[PlyCount "69"]
[EventDate "2024.09.05"]
[EventType "team-tourn"]
[EventCountry "HUN"]
[SourceTitle "playchess.com"]
[Source "ChessBase"]
[SourceQuality "1"]
[WhiteTeam "Canada"]
[BlackTeam "Chinese Taipei"]
[WhiteTeamCountry "CAN"]
[BlackTeamCountry "TPE"]
[TimeControl "40/5400+30:1800+30"]

1. e4 c5 2. Nf3 g6 3. Bc4 Bg7 4. c3 d6 5. d4 cxd4 6. cxd4 Nf6 7. Nc3 O-O 8. Bb3 Nbd7 9. O-O e6 10. Bf4 Nb6 11. a4 a5 12. Re1 d5 13. Nb5 Ne8 14. e5 Bd7 15. Bg5 f6 16. exf6 Bxf6 17. h4 Bxg5 18. Nxg5 Qf6 19. Qd2 h6 20. Nf3 Kg7 21. h5 gxh5 22. Bc2 Kh8 23. Ne5 Nc4 24. Nxc4 dxc4 25. Re5 Ng7 26. Ra3 Bc6 27. Rg3 Nf5 28. Bxf5 exf5 29. Nc7 f4 30. Rh3 Qg7 31. Nd5 f3 32. Rg3 Qh7 33. Re7 Rf7 34. Rxf7 Qxf7 35. Qxh6+ 1-0

[Event "45th FIDE Womens Olympiad 2024"]
[Site "Budapest"]
[Date "2024.09.11"]
[Round "1.109"]
[White "Urh, Zala"]
[Black "Feng, Eunice"]
[Result "1-0"]
[ECO "A80"]
[WhiteElo "2251"]
[BlackElo "1974"]
[Annotator "ChessBase"]
[PlyCount "41"]
[EventDate "2024.09.05"]
[EventType "team-tourn"]
[EventCountry "HUN"]
[SourceTitle "playchess.com"]
[Source "ChessBase"]
[SourceQuality "1"]
[WhiteTeam "Slovenia"]
[BlackTeam "Hong Kong, China"]
[WhiteTeamCountry "SLO"]
[BlackTeamCountry "HKG"]
[TimeControl "40/5400+30:1800+30"]

1. d4 f5 2. Bf4 Nf6 3. e3 g6 4. h4 d6 5. h5 Nxh5 6. Rxh5 gxh5 7. Qxh5+ Kd7 8. Qxf5+ e6 9. Qh3 c6 10. c4 Qb6 11. Nd2 Na6 12. O-O-O Qa5 13. a3 Qf5 14. g4 Qf7 15. Ngf3 Bg7 16. Ne4 h5 17. Nxd6 Qg6 18. Bd3 Qxg4 19. Rg1 Qxh3 20. Rxg7+ Kd8 21. Bg5# 1-0

[Event "45th FIDE Womens Olympiad 2024"]
[Site "Budapest"]
[Date "2024.09.11"]
[Round "1.110"]
[White "Lou, Yuxin"]
[Black "Janzelj, Lara"]
[Result "0-1"]
[ECO "E74"]
[WhiteElo "1654"]
[BlackElo "2193"]
[Annotator "ChessBase"]
[PlyCount "52"]
[EventDate "2024.09.05"]
[EventType "team-tourn"]
[EventCountry "HUN"]
[SourceTitle "playchess.com"]
[Source "ChessBase"]
[SourceQuality "1"]
[WhiteTeam "Hong Kong, China"]
[BlackTeam "Slovenia"]
[WhiteTeamCountry "HKG"]
[BlackTeamCountry "SLO"]
[TimeControl "40/5400+30:1800+30"]

1. d4 Nf6 2. c4 g6 3. Nc3 Bg7 4. e4 d6 5. Be2 O-O 6. Bg5 c5 7. d5 h6 8. Be3 e6 9. dxe6 Bxe6 10. Qd2 Qa5 11. O-O-O b5 12. e5 dxe5 13. a3 b4 14. Nb5 a6 15. Nd6 Nbd7 16. Bd3 Qc7 17. Ne4 bxa3 18. bxa3 Rab8 19. Nxf6+ Nxf6 20. f4 Rfd8 21. Qc2 exf4 22. Bd2 Rxd3 23. Qxd3 Bf5 24. Qxf5 gxf5 25. Bc3 Ne4 26. Bxg7 Qb7 0-1

[Event "45th FIDE Womens Olympiad 2024"]
[Site "Budapest"]
[Date "2024.09.11"]
[Round "1.111"]
[White "Vidic, Teja"]
[Black "Leung, Hoi Ting"]
[Result "1-0"]
[ECO "C10"]
[WhiteElo "2128"]
[BlackElo "1619"]
[Annotator "NA"]
[PlyCount "75"]
[EventDate "2024.09.05"]
[EventType "team-tourn"]
[EventCountry "HUN"]
[SourceTitle "playchess.com"]
[Source "ChessBase"]
[SourceQuality "1"]
[WhiteTeam "Slovenia"]
[BlackTeam "Hong Kong, China"]
[WhiteTeamCountry "SLO"]
[BlackTeamCountry "HKG"]
[TimeControl "40/5400+30:1800+30"]

1. e4 e6 2. d4 d5 3. Nc3 dxe4 4. Nxe4 Nd7 5. Nf3 Ngf6 6. Nxf6+ Nxf6 7. Bd3 Be7 8. Qe2 c6 9. Bg5 h6 10. Bd2 Qb6 11. O-O-O a5 12. a3 Qc7 13. Ne5 b5 14. Nxc6 O-O 15. Nxe7+ Qxe7 16. g4 b4 17. a4 Bb7 18. Rhg1 Rac8 19. g5 hxg5 20. Rxg5 Rfd8 21. Rdg1 g6 22. Bxg6 fxg6 23. Rxg6+ Kf8 24. Qe5 Rxc2+ 25. Kxc2 Be4+ 26. Kd1 Bxg6 27. Rxg6 Kf7 28. Qg5 Rg8 29. Rxg8 Nxg8 30. Qh5+ Kf8 31. Qxa5 Qh7 32. Bxb4+ Kf7 33. Qc7+ Kg6 34. Qxh7+ Kxh7 35. a5 Nf6 36. a6 Nd7 37. Bc5 Nxc5 38. dxc5 1-0

[Event "45th FIDE Womens Olympiad 2024"]
[Site "Budapest"]
[Date "2024.09.11"]
[Round "1.112"]
[White "Liu, Tian Yi"]
[Black "Mihelic, Vesna"]
[Result "0-1"]
[ECO "C54"]
[WhiteElo "1607"]
[BlackElo "2069"]
[Annotator "NA"]
[PlyCount "88"]
[EventDate "2024.09.05"]
[EventType "team-tourn"]
[EventCountry "HUN"]
[SourceTitle "playchess.com"]
[Source "ChessBase"]
[SourceQuality "1"]
[WhiteTeam "Hong Kong, China"]
[BlackTeam "Slovenia"]
[WhiteTeamCountry "HKG"]
[BlackTeamCountry "SLO"]
[TimeControl "40/5400+30:1800+30"]

1. e4 e5 2. Nf3 Nc6 3. Bc4 Bc5 4. c3 Nf6 5. d4 exd4 6. e5 d5 7. Bb5 Ne4 8. cxd4 Bb6 9. Be3 O-O 10. Nc3 Bg4 11. h3 Bh5 12. Qc2 Bg6 13. Qb3 Ne7 14. O-O c6 15. Bd3 Nxc3 16. Qxc3 Nf5 17. Bf4 Nh4 18. Be2 Nxf3+ 19. Bxf3 Qh4 20. Qd2 Bf5 21. Rad1 h6 22. Kh2 f6 23. g4 Bd7 24. Qe2 fxe5 25. Bxe5 Rae8 26. Bg2 h5 27. gxh5 Bxd4 28. f4 Bxe5 29. fxe5 Rxf1 30. Rxf1 Qg5 31. Re1 Qf4+ 32. Kg1 Qh4 33. Kh2 Bg4 34. Qe3 Bxh5 35. Rf1 Rf8 36. Rxf8+ Kxf8 37. e6 Qf6 38. Qxa7 Qe5+ 39. Kh1 Qe1+ 40. Kh2 Qe5+ 41. Kh1 Qxb2 42. Qb8+ Ke7 43. Qc7+ Kxe6 44. h4 Qa1+ 0-1

[Event "45th FIDE Womens Olympiad 2024"]
[Site "Budapest"]
[Date "2024.09.11"]
[Round "1.113"]
[White "Nahed Galab"]
[Black "Arribas Robaina, Maritza"]
[Result "0-1"]
[ECO "E62"]
[WhiteElo "1693"]
[BlackElo "2143"]
[Annotator "NA"]
[PlyCount "66"]
[EventDate "2024.09.05"]
[EventType "team-tourn"]
[EventCountry "HUN"]
[SourceTitle "playchess.com"]
[Source "ChessBase"]
[SourceQuality "1"]
[WhiteTeam "Sudan"]
[BlackTeam "Cuba"]
[WhiteTeamCountry "SUD"]
[BlackTeamCountry "CUB"]
[TimeControl "40/5400+30:1800+30"]

1. Nf3 Nf6 2. d4 g6 3. c4 Bg7 4. Nc3 d6 5. g3 O-O 6. Bg2 Nc6 7. O-O Bg4 8. e4 Nd7 9. Be3 e5 10. d5 Nd4 11. Bxd4 exd4 12. Nb5 Re8 13. Re1 Ne5 14. Qb3 Nxf3+ 15. Bxf3 Bxf3 16. Qxf3 c6 17. Na3 Qa5 18. Rab1 Rac8 19. b4 Qd8 20. Qd3 Rc7 21. Nc2 Qf6 22. Red1 cxd5 23. exd5 b5 24. Nxd4 bxc4 25. Qc2 c3 26. Rb3 Rc4 27. Nc6 Qf3 28. Rf1 Qxd5 29. Na5 Rce4 30. Rbb1 Re2 31. Qb3 Qxb3 32. axb3 c2 33. Rbc1 Bb2 0-1

[Event "45th FIDE Womens Olympiad 2024"]
[Site "Budapest"]
[Date "2024.09.11"]
[Round "1.114"]
[White "Miranda Llanes, Yerisbel"]
[Black "Ibtihal Osman"]
[Result "1-0"]
[ECO "E71"]
[WhiteElo "2294"]
[BlackElo "1626"]
[Annotator "NA"]
[PlyCount "71"]
[EventDate "2024.09.05"]
[EventType "team-tourn"]
[EventCountry "HUN"]
[SourceTitle "playchess.com"]
[Source "ChessBase"]
[SourceQuality "1"]
[WhiteTeam "Cuba"]
[BlackTeam "Sudan"]
[WhiteTeamCountry "CUB"]
[BlackTeamCountry "SUD"]
[TimeControl "40/5400+30:1800+30"]

1. d4 c5 2. d5 d6 3. c4 g6 4. Nc3 Bg7 5. e4 Nf6 6. h3 O-O 7. Bd3 Nbd7 8. Nf3 Nb6 9. O-O Nfd7 10. Bf4 Ne5 11. Nxe5 dxe5 12. Be3 Qc7 13. Nb5 Qd8 14. Bxc5 Bd7 15. Nc3 Rc8 16. b4 f5 17. Qb3 Rf7 18. f3 a6 19. Be3 f4 20. Bd2 Be8 21. c5 Nd7 22. Bc4 Rf8 23. d6+ Bf7 24. dxe7 Qxe7 25. Nd5 Qg5 26. Rfd1 Be6 27. Nb6 Bxc4 28. Qxc4+ Kh8 29. Nxd7 Rfd8 30. Bc3 Qe7 31. Nb6 Rc6 32. Rxd8+ Qxd8 33. Qd5 Qc7 34. Rd1 Bf6 35. Nd7 Qd8 36. Nxf6 1-0